 Dungeon Crawl Stone Soup version 0.28-a0-21-gf74fda84f9 (webtiles) character file.

Game seed: 17455596265257161642

1876 willcat the Ruffian (level 8, -3/78 HPs)
             Began as a Troll Delver on July 26, 2021.
             Was a Follower of Qazlal.
             Slain by a sixfirhy (12 damage)
             ... on level 9 of the Dungeon.
             The game lasted 00:03:34 (814 turns).

willcat the Ruffian (Troll Delver)                   Turns: 814, Time: 00:03:35

Health: -3/78      AC:  5    Str: 22    XL:     8   Next: 91%
Magic:  9/9        EV: 11    Int:  6    God:    Qazlal [*.....]
Gold:   84         SH:  1    Dex: 12    Spells: 7/7 levels left

rFire   . . .      SeeInvis .     - Unarmed
rCold   . . .      Faith    .   (no shield)
rNeg    . . .      Spirit   .   a - +0 robe
rPois   .          Reflect  .   (helmet restricted)
rElec   .          Harm     .   p - +0 cloak
rCorr   .          Rampage  .   (gloves unavailable)
Will    .....                   (boots unavailable)
Stlth   ++........              (no amulet)
HPRegen 1.23/turn               (no ring)
MPRegen 0.11/turn               (no ring)

@: no status effects
A: large, unfitting armour, claws 3, regeneration 1, shaggy fur 1, tough skin 1
a: Renounce Religion


You were on level 9 of the Dungeon.
You worshipped Qazlal.
Qazlal was aware of your devotion.
You visited 1 branch of the dungeon, and saw 5 of its levels.
You also visited: Ossuary.

You collected 84 gold pieces.

Inventory:

Missiles
 q - 2 curare-tipped darts (quivered)
Armour
 a - a +0 robe (worn)
 p - a +0 cloak (worn)
Wands
 f - a wand of digging (3)
 g - a wand of paralysis (11)
Scrolls
 b - a scroll of fog
 c - 3 scrolls of magic mapping
 d - a scroll of fear
 l - 3 scrolls of identify {unknown}
 o - a scroll of acquirement {unknown}
Potions
 e - a potion of haste
 h - 2 potions of attraction {unknown}
 i - 2 potions of degeneration {unknown}
 j - 2 potions of heal wounds {unknown}
 k - a potion of flight {unknown}
 m - a potion of curing {unknown}
 n - a potion of mutation {unknown}


   Skills:
 + Level 4.2 Fighting
 + Level 3.8 Dodging
 - Level 4.3 Stealth
 + Level 6.1 Unarmed Combat
 + Level 2.7 Invocations
 + Level 3.5 Evocations


You had 7 spell levels left.
You didn't know any spells.
Your spell library was empty.

Dungeon Overview and Level Annotations

Branches:
Dungeon (9/15)            Ossuary (visited)
 Temple: D:4-7         Lair: D:8-11         Orc: D:9-12

Altars:
Fedhas
Kikubaaqudgha
Makhleb
Nemelex Xobeh
Qazlal
Zin

Shops:
D:7 !?*


Innate Abilities, Weirdness & Mutations

You are too large for most types of armour.
You have claws for hands.
Your natural rate of healing is unusually fast.
You are covered in fur. (AC +1)
You have tough skin. (AC +1)


Message History

You barely miss the yak.
The yak is severely wounded.
The yak gores you.
You claw the yak!
The yak is almost dead.
The yak gores you!
You claw the yak!
You kill the yak!
Qazlal accepts your kill.
You scratch the howler monkey zombie. You claw the howler monkey zombie!
The howler monkey zombie is almost destroyed.
The howler monkey zombie hits you.
You scratch the howler monkey zombie but do no damage.
The howler monkey zombie is almost destroyed.
The howler monkey zombie barely misses you.
You mangle the howler monkey zombie!!
You destroy the howler monkey zombie!
Qazlal accepts your kill.
You see here a yak corpse.
Found a burning altar of Makhleb.
Found a runed translucent door.
You open the door.
Aiming: Paralyse
Press: ? - help, Shift-Dir - straight line, f - sixfirhy
Aim: a sixfirhy (chance to affect: 23%)
The sixfirhy resists with almost no effort.
Unknown command.
Aiming: Paralyse
Press: ? - help, Shift-Dir - straight line, f/p - sixfirhy
Aim: a sixfirhy (chance to affect: 23%)
The sixfirhy resists with almost no effort.
You block the sixfirhy's attack. The sixfirhy barely misses you.
The sixfirhy hits you. The sixfirhy shocks you!
Unknown command.
You miss the sixfirhy. The sixfirhy barely misses you. The sixfirhy misses you.
The sixfirhy hits you! The sixfirhy shocks you!
* * * LOW HITPOINT WARNING * * *
The sixfirhy hits you.
* * * LOW HITPOINT WARNING * * *
The sixfirhy shocks you!
You die...

## ### ##.. ..#
## #..###.##
#.##..#_3..#
###.....###@.#
#........†...#
.........###.#
♣♣......###.#
♣#.........#
##......### ♣♣♣♣♣
#..##..# #....
#......##
..##...##..F....#


You could see a sixfirhy.

Vanquished Creatures
  Maurice (D:8)
  A troll (D:7)
  3 yaks (D:9)
  An ice beast (D:7)
  5 elf zombies (Ossuary)
  2 bullfrogs
  A bullfrog skeleton (D:6)
  6 centaur zombies (Ossuary)
  A human zombie (Ossuary)
  2 howler monkey zombies
  4 mummies
  A howler monkey skeleton (D:7)
  An adder (D:6)
  A shadow imp (D:8)
  A white imp (D:8)
31 creatures vanquished.

Notes
Turn   | Place    | Note
-------+----------+-------------------------------------------
     0 | D:5      | willcat the Troll Delver began the quest for the Orb.
     0 | D:5      | Reached XP level 1. HP: 22/22 MP: 0/0
    11 | D:6      | Reached XP level 2. HP: 18/29 MP: 1/1
    11 | D:6      | Reached XP level 3. HP: 23/36 MP: 2/2
    67 | D:7      | Found Zithry's Distillery.
    78 | D:7      | Found Qeutah Rene's Assorted Antiques.
    98 | D:7      | Noticed a troll
   128 | D:7      | Killed a troll
   129 | D:7      | Reached skill level 1 in Evocations
   129 | D:7      | Reached XP level 4. HP: 44/44 MP: 3/3
   129 | D:7      | Reached XP level 5. HP: 52/52 MP: 4/4
   129 | D:7      | Reached XP level 6. HP: 59/59 MP: 5/5
   148 | D:7      | Found a stormy altar of Qazlal.
   149 | D:7      | Found a blossoming altar of Fedhas.
   150 | D:7      | Found an ancient bone altar of Kikubaaqudgha.
   151 | D:7      | Found a sparkling altar of Nemelex Xobeh.
   154 | D:7      | Became a worshipper of Qazlal Stormbringer
   177 | D:7      | Reached skill level 3 in Unarmed Combat
   183 | D:7      | Found a sand-covered staircase.
   191 | Ossuary  | Entered an ossuary
   280 | Ossuary  | Reached skill level 4 in Unarmed Combat
   280 | Ossuary  | Reached XP level 7. HP: 52/67 MP: 6/6
   359 | Ossuary  | Reached skill level 5 in Unarmed Combat
   428 | D:7      | Found Bydogh's Magic Scroll Emporium.
   476 | D:7      | Reached * piety under Qazlal
   525 | D:8      | Noticed Maurice
   642 | D:8      | Killed Maurice
   643 | D:8      | Reached skill level 1 in Invocations
   643 | D:8      | Reached XP level 8. HP: 78/78 MP: 6/8
   674 | D:8      | Found a glowing silver altar of Zin.
   730 | D:8      | Noticed a skeletal warrior
   795 | D:9      | Reached skill level 6 in Unarmed Combat
   810 | D:9      | Found a runed translucent door.
   810 | D:9      | Found a burning altar of Makhleb.
   810 | D:9      | Noticed a sixfirhy
   814 | D:9      | Slain by a sixfirhy

Illustrated notes

Levels and vault maps discovered:
D:5:      layout_cave_pods, lemuel_doored_altar, cheibrodos_sewer_entry_sluice,
          serial_park_tiny_1, uniq_prince_ribbit1
D:6:      layout_basic, nicolae_ru_great_annihilating_truth,
          mainiacjoe_overflow_catch_the_wave, uniq_maggie
D:7:      layout_basic, mainiacjoe_overflow_alcove_3,
          minmay_temple_entry_poolview, serial_shops, nicolae_shop_stone,
          nicolae_diamond_shop, shop_fountains, shop, gup_ossuary_entry_pyramid
D:8:      minmay_the_grid_triangle_9x9_recursive_2
          [minmay_the_grid_triangle_9x9_prize_top_heavy,
          minmay_the_grid_triangle_9x9_intruding_spiral,
          minmay_the_grid_triangle_9x9_thin_v,
          minmay_the_grid_triangle_9x9_tough_junction], layout_cave_pools,
          overflow_temple_1_default, tgw_xom, special_room [special_room_orc],
          uniq_maurice, uniq_grum
D:9:      layout_cave_pools, nzn_makhleb_speed_demon,
          mainiacjoe_overflow_alcove_1, minivault_16, kennysheep_generic_room_9,
          uniq_erolcha

Skill      XL: |  1  2  3  4  5  6  7  8 |
---------------+-------------------------+-----
Stealth        | 3 4 |  4.3
Dodging        | 2 3 |  3.8
Evocations     | 1 2 3 |  3.5
Unarmed Combat | 4 5 6 |  6.1
Fighting       | 3 4 |  4.2
Invocations    | 1 2 |  2.7

Action                   |  1- 3 |  4- 6 |  7- 9 || total
-------------------------+-------+-------+-------++-------
Melee: Unarmed           |    28 |    67 |   110 ||   205
       Punch             |       |     3 |     4 ||     7
Evoke: Wand              |     3 |       |     3 ||     6
 Stab: Paralysed         |     9 |       |     3 ||    12
       Sleeping          |     1 |     1 |       ||     2
Armor: Robe              |     2 |    18 |    37 ||    57
Dodge: Dodged            |    12 |    23 |    48 ||    83
Block: Other             |       |       |     1 ||     1

Table legend: (Time is in decaauts)
 A = Elapsed time spent in this place.
 B = Non-inter-level travel time spent in this place.
 C = Inter-level travel time spent in this place.
 D = Time resting spent in this place.
 E = Time spent auto-exploring this place.
 F = Levels seen in this place.
 G = Mean time per level.
                   A        B        C        D        E       F      G
               +--------+--------+--------+--------+--------+-----+--------+
         Total |    798 |    781 |     17 |    100 |    139 |   6 |  133.0 |
       Dungeon |    594 |    577 |     17 |    100 |    139 |   5 |  118.8 |
       Ossuary |    204 |    204 |      0 |      0 |      0 |   1 |  204.0 |
               +--------+--------+--------+--------+--------+-----+--------+

Top non-repeatable levels by time:
     D:7: 353 daAuts
 Ossuary: 204 daAuts
     D:8: 115 daAuts
     D:9: 68 daAuts
     D:6: 56 daAuts
     D:5: 1 daAuts
